 Dungeon Crawl Stone Soup version 0.28.0-43-g3370ac3207 (webtiles) character file.

Game seed: 3242810428114100437

523 unlimited1921 the Magician (level 7, -3/49 HPs)
             Began as a Djinni Fire Elementalist on Mar 7, 2022.
             Slain by a bullfrog (4 damage)
             ... on level 7 of the Dungeon.
             The game lasted 00:18:57 (8426 turns).

unlimited1921 the Magician (DjFE)                   Turns: 8426, Time: 00:18:58

Health: -3/49      AC:  4    Str:  7    XL:     7   Next: 46%
Gold:   157        EV:  6    Int: 19    God:
                   SH:  0    Dex: 13

rFire   + + +      SeeInvis .   n - +3 quarterstaff (chaos)
rCold   . . .      Faith    +   (shield currently unavailable)
rNeg    . . .      Spirit   .   a - +0 robe
rPois   ∞          Reflect  .   (no helmet)
rElec   +          Harm     .   o - +1 cloak {rCorr}
rCorr   +          Rampage  .   (no gloves)
Will    .....                   (boots unavailable)
Stlth   ++........              h - amulet of faith
HPRegen 0.16/turn               (no ring)
MPRegen 0.00/turn               (no ring)

@: resistant, flying, held
A: sickness immunity, fire resistance 2, cold vulnerability 1, float, innate
caster, HP casting, extra vitality 1
a: no special abilities


You were on level 7 of the Dungeon.
You visited 1 branch of the dungeon, and saw 5 of its levels.

You collected 157 gold pieces.

Inventory:

Hand Weapons
 d - a +0 short sword
 g - a +0 hunting sling
 m - the +3 mace "Sacwef" {antimagic, rElec rN++ rCorr Int-5 SInv}
   (You found it on level 2 of the Dungeon)

   It reduces the magical energy of the wielder, and disrupts the spells and
   magical abilities of those it strikes.
   Natural abilities and divine invocations are not affected.
   Int:       It affects your intelligence (-5).
   rElec:     It insulates you from electricity.
   rN:        It greatly protects you from negative energy.
   SInv:      It lets you see invisible.
   rCorr:     It protects you from acid and corrosion.
 n - a +3 quarterstaff of chaos (weapon)
 q - a +0 rapier
 u - a +0 hand axe
Missiles
 e - 78 stones
 p - 2 poisoned darts
 r - 6 atropa-tipped darts
 t - 15 bolts
Armour
 a - a +0 robe (worn)
 o - a +1 cloak of preservation (worn)
Jewellery
 h - an amulet of faith (around neck)
Wands
 k - a wand of digging (7)
 l - a wand of iceblast (7) (quivered)
Scrolls
 b - 3 scrolls of teleportation {unknown}
 f - a scroll of brand weapon
 i - a scroll of blinking {unknown}
 s - a scroll of magic mapping {unknown}
Potions
 c - a potion of resistance


   Skills:
 * Level 2.7 Fighting
 + Level 1.5 Staves
 + Level 2.6 Dodging
 + Level 2.5 Stealth
 + Level 5.1 Spellcasting


You couldn't memorise any spells.
You knew the following spells:

 Your Spells              Type           Power      Damage    Failure   Level
a - Foxfire               Conj/Fire      96%        2x1d8     1%          1
b - Scorch                Fire           48%        2d7       2%          2
c - Conjure Flame         Conj/Fire      24%        6-21      4%          3
d - Inner Flame           Hex/Fire       24%        N/A       4%          3
e - Flame Wave            Conj/Fire      24%        2d7       16%         4
f - Pain                  Necr           96%        1d8       1%          1
g - Poisonous Vapours     Pois/Air       48%        N/A       2%          2
h - Lesser Beckoning      Tloc           24%        N/A       4%          3
Your spell library was empty.

Dungeon Overview and Level Annotations

Branches:
Dungeon (4/15)
 Temple: D:4-7

Altars:

Shops:
D:2 [


Innate Abilities, Weirdness & Mutations

You are immune to sickness and miasma.
You are immune to poison.
Your flesh is very heat resistant. (rF++)
You are vulnerable to cold. (rC-)
You float through the air rather than walking.
You learn spells naturally, not from books.
Your magical power is your life essence.
You have superior vitality. (+4 MHP)


Message History

Aim: a centaur zombie (almost destroyed, inner flame)
The centaur zombie cannot be affected by poisonous vapours!
A gnoll shaman comes into view. It is wielding a +0 club.
Casting: Poisonous Vapours (safe; 2% risk of failure)
Confirm with . or Enter, or press ? or * to list all spells.
Aiming: Pain (safe; 1% risk of failure)
Press: ? - help, Shift-Dir - straight line, f/p - centaur zombie
Aim: a centaur zombie (almost destroyed, inner flame, not susceptible)
The centaur zombie is unaffected.
The gnoll throws a throwing net.
The throwing net hits you.
You become entangled in the net!
The bullfrog hits you.
You struggle against the net.
The centaur zombie hits you but does no damage.
The centaur zombie kicks you but does no damage.
The bullfrog hits you. The ice beast hits you. The ice beast freezes you!
You feel a terrible chill! The centaur zombie barely misses you.
The centaur zombie closely misses you.
You struggle against the net.
The bullfrog hits you. The centaur zombie hits you.
* * * LOW HITPOINT WARNING * * *
The centaur zombie kicks you but does no damage.
The ice beast hits you but does no damage.
The bullfrog hits you.
* * * LOW HITPOINT WARNING * * *
Unknown command.
Aiming: Iceblast
Press: ? - help, Q - select action, (/) - cycle Shift-Dir - straight line, f/p - centaur zombie
Aim: a centaur zombie (almost destroyed, inner flame)
Okay, then.
Unknown command.
It was a potion of resistance.
You feel protected.
The centaur zombie hits you but does no damage.
The centaur zombie kicks you but does no damage.
The bullfrog hits you!
* * * LOW HITPOINT WARNING * * *
The ice beast hits you but does no damage.
It was a potion of magic.
Magic washes over you without effect. The bullfrog hits you.
You die...

##### ###.#.#
.####.....###
............#
..........###
..........###
............####
.......ZY......#
.......@F........
.........##......
.....<#.## ...#.#
....g..## ...# #
....g.. .....
....... ....
....... #......


You could see an ice beast, a bullfrog, a gnoll shaman, a gnoll and a centaur
zombie (inner flame).

Vanquished Creatures
  A black bear (D:4)
  2 scorpions (D:4)
  A bullfrog zombie (D:3)
  A jelly (D:4)
  A hound (D:3)
  Crazy Yiuf (D:2)
  Natasha (D:4)
  2 orc wizards (D:3)
  4 adders
  3 dart slugs
  3 orcs
  3 ball pythons
  7 bats
  8 endoplasms
  6 giant cockroaches
  4 goblins
  8 hobgoblins
  3 jackals (D:2)
  3 quokkas
  4 frilled lizards
  6 kobolds
  6 rats
78 creatures vanquished.

Vanquished Creatures (others)
  135 foxfires
  3 plants (D:4)
138 creatures vanquished.

Grand Total: 216 creatures vanquished

Notes
Turn   | Place    | Note
-------+----------+-------------------------------------------
     0 | D:1      | unlimited1921 the Djinni Fire Elementalist began the quest
                  | for the Orb.
     0 | D:1      | Reached XP level 1. HP: 15/15 MP: 0/0
    65 | D:1      | Reached XP level 2. HP: 10/21 MP: 0/0
  1796 | D:1      | Reached skill level 3 in Spellcasting
  2031 | D:1      | Reached XP level 3. HP: 18/25 MP: 0/0
  2031 | D:1      | Learned a level 1 spell: Pain
  2114 | D:1      | Found a faded altar of an unknown god.
  3265 | D:2      | Found Gius's Armour Shop.
  3886 | D:2      | Found a runed translucent door.
  3887 | D:2      | Noticed Crazy Yiuf
  3894 | D:2      | Killed Crazy Yiuf
  3895 | D:2      | Reached XP level 4. HP: 4/31 MP: 0/0
  4265 | D:2      | Identified the +3 mace "Sacwef" {antimagic, rElec rN++
                  | rCorr Int-5 SInv}
  4817 | D:3      | Reached skill level 1 in Fighting
  5589 | D:3      | Reached XP level 5. HP: 36/37 MP: 0/0
  5589 | D:3      | Learned a level 2 spell: Poisonous Vapours
  6449 | D:3      | Reached skill level 4 in Spellcasting
  6452 | D:3      | Reached skill level 1 in Staves
  6452 | D:3      | Reached XP level 6. HP: 30/43 MP: 0/0
  8120 | D:4      | Reached XP level 7. HP: 42/49 MP: 0/0
  8120 | D:4      | Learned a level 3 spell: Lesser Beckoning
  8135 | D:4      | Noticed Natasha
  8138 | D:4      | Reached skill level 5 in Spellcasting
  8153 | D:4      | Killed Natasha
  8411 | D:4      | You are sucked into a shaft and drop 3 floors!
  8425 | D:7      | HP: 1/49 [bullfrog (7)]
  8426 | D:7      | Slain by a bullfrog

Illustrated notes

Levels and vault maps discovered:
D:1:      evilmike_arrival_crescent, layout_basic, basic_ecumenical_altar
D:2:      layout_rooms, serial_shops, nicolae_shop_hallway_plus,
          minmay_fractal_squares_gapless_5, uniq_crazy_yiuf_cottage
D:3:      layout_loops_ring
D:4:      layout_rooms, amcnicky_altar_gilded, eino_tiny_chamber,
          serial_bayou_pond_b, kennysheep_generic_room_7, uniq_natasha
D:7:      layout_cave_pools, grunt_ministairs_12, minmay_shattered_shrine

Skill      XL: |  1  2  3  4  5  6  7 |
---------------+----------------------+-----
Spellcasting   | 3 4 5 |  5.1
Stealth        | 2 |  2.5
Fighting       | 1 2 |  2.7
Staves         | 1 |  1.5
Dodging        | |  2.6

Action                   |  1- 3 |  4- 6 |  7- 9 || total
-------------------------+-------+-------+-------++-------
Melee: Quarterstaff      |       |    17 |       ||    17
 Cast: Foxfire           |    66 |     9 |    11 ||    86
       Scorch            |     8 |    22 |     1 ||    31
       Inner Flame       |     3 |     2 |     6 ||    11
       Poisonous Vapours |       |    27 |     2 ||    29
       Pain              |       |       |     1 ||     1
  Use: Scroll            |     3 |     1 |       ||     4
       Potion            |       |       |     2 ||     2
Armor: Robe              |     4 |     8 |    12 ||    24
Dodge: Dodged            |     9 |    20 |    10 ||    39
